 Dungeon Crawl Stone Soup version 0.22-a0 (webtiles) character file.

501 Firecrotchwizard the Chiller (level 6, 47/47 HPs)
             Began as a Draconian Ice Elementalist on Dec 31, 2017.
             Quit the game on level 4 of the Dungeon.
             The game lasted 00:18:54 (5127 turns).

Firecrotchwizard the Chiller (DrIE)                 Turns: 5127, Time: 00:18:55

Health: 47/47      AC: 15    Str: 10    XL:     6   Next: 95%
Magic:  9/9        EV: 14    Int: 17    God:
Gold:   156        SH:  0    Dex: 12    Spells: 2/10 levels left

rFire    x . .     SeeInvis .   d - +1 whip
rCold    + . .     Gourm    .   (no shield)
rNeg     . . .     Faith    .   (armour unavailable)
rPois    .         Spirit   .   (helmet restricted)
rElec    .         Reflect  .   w - +0 cloak
rCorr    .         Harm     +   n - +0 pair of gloves
MR       .....                  (no boots)
Stlth    ++........             y - amulet of harm
HPRegen  0.15/turn              g - ring of ice {rC+, rF-}
MPRegen  0.11/turn              m - +2 ring of evasion

@: icy armour (expiring), slow
A: unfitting armour, cold-blooded, AC +6
a: no special abilities


You were on level 4 of the Dungeon.
You were not hungry.

You visited 1 branch of the dungeon, and saw 4 of its levels.
You also visited: Ossuary.

You collected 156 gold pieces.

Inventory:

Hand Weapons
 c - a +0 halberd of venom
   (You took it off a gnoll on level 3 of the Dungeon)
 d - a +1 whip (weapon)
   (You took it off a kobold on level 1 of the Dungeon)
Armour
 n - a +0 pair of gloves (worn)
   (You found it on level 2 of the Dungeon)
 w - a +0 cloak (worn)
   (You found it on level 4 of the Dungeon)
Jewellery
 g - a ring of ice (left hand) {rC+, rF-}
   (You found it on level 1 of the Dungeon)
 m - a +2 ring of evasion (right hand)
   (You found it on level 1 of the Dungeon)
 p - an uncursed ring of wizardry {Wiz+, !d}
   (You found it on level 3 of the Dungeon)
 t - an uncursed ring of stealth {Stlth+}
   (You found it on level 4 of the Dungeon)
 y - an amulet of harm (around neck)
   (You found it on level 4 of the Dungeon)
Wands
 f - a wand of paralysis (10)
   (You found it on level 2 of the Dungeon)
Scrolls
 e - 5 scrolls of identify
 q - 2 scrolls of teleportation
 s - a scroll of amnesia
Potions
 h - a potion of haste {unknown}
 i - a potion of might
 j - 2 potions of curing {unknown}
 k - a potion of heal wounds {unknown}
 l - a potion of cancellation {unknown}
 o - a potion of invisibility {unknown}
 r - a potion of flight {unknown}
 u - 2 potions of brilliance {unknown}
 v - a potion of resistance {unknown}
Books
 a - a book of Frost
Comestibles
 b - 7 rations {@e1}
 x - 4 chunks of flesh {@w0}


   Skills:
 + Level 1.0 Fighting
 - Level 2.4 Dodging
 - Level 2.6 Stealth
 - Level 2.6 Spellcasting
   Level 1.0 Conjurations
 - Level 3.1 Charms
 + Level 1.0 Summonings
 + Level 5.7 Ice Magic


You had 2 spell levels left.
You knew the following spells:

 Your Spells              Type           Power        Failure   Level  Hunger
a - Freeze                Ice            ####         1%          1    #......
b - Summon Ice Beast      Ice/Summ       ###.....     41%         4    #####..
A - Ozocubu's Armour      Chrm/Ice       ####....     9%          3    ###....


Dungeon Overview and Level Annotations

Branches:
Dungeon (4/15)
 Temple: D:4-7

Altars:


Innate Abilities, Weirdness & Mutations

Your plain brown scales are hard. (AC +6)
You cannot fit into any form of body armour.
You are cold-blooded and may be slowed by cold attacks.


Message History

Your magical contamination has completely faded away.
You hit the mummy. You tail-slap the mummy. The mummy hits you!
You take 10 damage, and have 21/46 hp.
MASSIVE DAMAGE!!
You hit the mummy.
Your tail-slap misses the mummy.
The mummy hits you but does no damage. The mummy misses you.
You hit the mummy.
You destroy the mummy!
The mummy hits you!
* * * LOW HITPOINT WARNING * * *
You take 14 damage, and have 7/46 hp.
MASSIVE DAMAGE!!
There is a gate leading back out of this place here.
Welcome back to the Dungeon!
There is a collapsed entrance here.
You start resting.
Your icy armour starts to melt.
You regained 3 hp, and now have 11/46 hp.
You regained 2 mp, and now have 8/9 mp.
You start resting.
Your icy armour evaporates.
MP restored: 9 You start resting.
Health restored: 46 An arrow shoots out and hits you!
There is an arrow trap here.
There is an open door here.
u - 2 fizzy orange potions (gained 1)
You now have 156 gold pieces (gained 13).
h - a golden potion
Found a stone staircase leading up.
You see here a short sword.
q - 2 scrolls of teleportation (gained 1)
s - a scroll of amnesia You see here a short sword. 3 jackals come into view.
You feel a surge of power! A film of ice covers your body!
You now have 6/9 mp.
The jackal barks! x3
You closely miss the jackal. The jackal barely misses you.
The jackal misses you.
You barely miss the jackal.
The jackal bites you but does no damage.
You hit the jackal but do no damage.
Your tail-slap misses the jackal.
The jackal bites you but does no damage. x2
You hit the jackal. The jackal closely misses you.
You hit the jackal. The jackal closely misses you.
The jackal barely misses you.
You hit the jackal but do no damage. The jackal misses you.
You hit the jackal.
You kill the jackal!
Your Fighting skill increases to level 1!
The jackal misses you.
Health restored: 47 You barely miss the jackal.
The jackal misses you. The jackal barely misses you.
You barely miss the jackal.
The jackal bites you but does no damage.
You hit the jackal.
The jackal bites you but does no damage.
The jackal barely misses you.
You hit the jackal.
You tail-slap the jackal, but do no damage.
The jackal closely misses you.
You hit the jackal but do no damage. The jackal misses you.
The jackal bites you but does no damage.
You closely miss the jackal. The jackal barely misses you.
You closely miss the jackal.
Your tail-slap misses the jackal.
The jackal bites you but does no damage. x2
You hit the jackal.
You kill the jackal!
The jackal bites you but does no damage.
You closely miss the jackal. The jackal closely misses you.
You barely miss the jackal. The jackal misses you. The jackal bites you.
You take 2 damage, and have 45/47 hp.
You closely miss the jackal. The jackal closely misses you.
You closely miss the jackal. The jackal closely misses you.
The jackal barely misses you.
You barely miss the jackal. The jackal closely misses you.
You hit the jackal.
Your tail-slap misses the jackal.
The jackal bites you but does no damage.
The jackal misses you.
You hit the jackal. The jackal barely misses you.
MP restored: 9 You hit the jackal.
You kill the jackal!
Your Summonings skill increases to level 1!
Things that are here:
a jackal corpse x2; Health restored: 47 You butcher the jackal corpse.
x - a chunk of flesh {@w0} You see here a jackal corpse.
You butcher the jackal corpse.
x - 4 chunks of flesh {@w0} (gained 3)
There isn't anything here!
y - a blackened silver amulet
y - an amulet of harm (around neck)
Your icy armour starts to melt.
Quiver which item? (- for none, * to show all) (? for menu, Esc to quit)
Okay, then.

####.########.........
#>....# #.##.####.
#.##.## ###.##.## #.
####.#### ....#...###.
#..<....# ......>...##.
#.#####...♣ ♣..........#.
#.# #.##...##.)...<....
#.# #.##.♣. #........##
#.# #.@..# #.........#
#.#####.####.##..........
#...(........##.#...<.##.
####....#######.#....####
#.#.#### #.#..#.# #
#......#####.#..#.# #
#.#...............####
#.#.............^.....
#.##########..........


There were no monsters in sight!

Vanquished Creatures
  The ghost of jejorda2 the Charlatan, an amateur DrAr (D:3)
  A centaur (D:3)
  2 orc wizards (D:3)
  3 mummies
  4 gnolls
  2 river rats (D:3)
  7 adders
  2 oozes
  An adder skeleton (D:4)
  3 worms
  2 dart slugs
  A leopard gecko (D:3)
  3 orcs
  7 bats
  5 giant cockroaches
  A gnoll zombie (Ossuary)
  12 goblins
  16 hobgoblins
  3 jackals (D:4)
  A quokka (D:3)
  2 ball pythons
  8 frilled lizards
  3 hobgoblin zombies (Ossuary)
  8 kobolds
  2 kobold zombies (Ossuary)
  An orc zombie (Ossuary)
  10 rats
111 creatures vanquished.

Notes
Turn   | Place    | Note
-------+----------+-------------------------------------------
     0 | D:1      | Firecrotchwizard the Draconian Ice Elementalist began the quest for the Orb.
     0 | D:1      | Reached XP level 1. HP: 14/14 MP: 3/3
   313 | D:1      | Reached skill level 2 in Stealth
   315 | D:1      | Reached skill level 2 in Dodging
   315 | D:1      | Reached XP level 2. HP: 19/20 MP: 0/5
   832 | D:1      | Reached XP level 3. HP: 24/26 MP: 4/6
  1711 | D:2      | Reached XP level 4. HP: 33/33 MP: 4/7
  1895 | D:2      | Learned a level 3 spell: Ozocubu's Armour
  2345 | D:3      | Noticed a centaur
  2469 | D:3      | HP: 4/33 [centaur (8)]
  2471 | D:3      | Killed a centaur
  2471 | D:3      | Reached skill level 1 in Charms
  2471 | D:3      | Reached skill level 4 in Ice Magic
  2471 | D:3      | Reached XP level 5. HP: 4/38 MP: 0/8
  2792 | D:3      | Reached skill level 2 in Charms
  2793 | D:3      | Found a faded altar of an unknown god.
  3048 | D:3      | Noticed jejorda2's ghost (amateur DrAr)
  3066 | D:3      | Killed jejorda2's ghost
  3066 | D:3      | Reached XP level 6. HP: 31/45 MP: 2/9
  3318 | D:2      | Reached skill level 5 in Ice Magic
  3422 | D:3      | Reached skill level 3 in Charms
  3988 | D:3      | Learned a level 4 spell: Summon Ice Beast
  4479 | D:4      | Found a sand-covered staircase.
  4542 | Ossuary  | Entered an ossuary
  4612 | Ossuary  | HP: 7/46 [mummy (14)]
  5100 | D:4      | Reached skill level 1 in Fighting
  5116 | D:4      | Reached skill level 1 in Summonings
  5127 | D:4      | Quit the game

Vault maps used:
D:1:      dpeg_arrival_windows_large_door
D:3:      kennysheep_the_goblin_king, chequers_ecumenical_altar_simple_redux,
          first_ration, lightli_sewer_entry_pipes
D:4:      minmay_door_path, gup_ossuary_entry_pyramid, serial_shops,
          nicolae_shop_trees
Ossuary:  ossuary_tomb_3

Skill      XL: |  1  2  3  4  5  6 |
---------------+-------------------+-----
Stealth        | 2 |  2.6
Dodging        | 2 |  2.4
Charms         | 1 2 3 |  3.1
Ice Magic      | 4 5 |  5.7
Fighting       | 1 |  1.0
Summonings     | 1 |  1.0
Spellcasting   | |  2.6
Conjurations   | |  1.0

Action                   |  1- 3 |  4- 6 || total
-------------------------+-------+-------++-------
Melee: Whip              |    39 |   156 ||   195
       Tailslap          |     4 |    20 ||    24
       Halberd           |       |     5 ||     5
Throw: Stone             |    46 |   113 ||   159
 Cast: Freeze            |    35 |    87 ||   122
       Ozocubu's Armour  |       |     8 ||     8
  Use: Scroll            |       |     9 ||     9
       Potion            |       |     1 ||     1
 Stab: Sleeping          |       |     1 ||     1
  Eat: Chunk             |     3 |     9 ||    12
       Ration            |       |     1 ||     1
Armor: Skin              |    16 |    69 ||    85
Dodge: Dodged            |    44 |   196 ||   240

Table legend:
 A = Spawn XP
 B = Non-spawn XP
 C = Spawn XP percentage of total XP
 D = Spawn monster count
 E = Non-spawn monster count
 F = Spawn count percentage of total count
 G = Total turns spent on level
                    A         B        C        D         E        F      G
               +---------+---------+-------+---------+---------+-------+---------
         Total |       0 |     717 |   0.0 |       0 |     111 |   0.0 |  5127
               +---------+---------+-------+---------+---------+-------+---------
           D:1 |       0 |      47 |   0.0 |       0 |      27 |   0.0 |  1276
           D:2 |       0 |     120 |   0.0 |       0 |      27 |   0.0 |  1753
           D:3 |       0 |     474 |   0.0 |       0 |      42 |   0.0 |  1286
           D:4 |       0 |      32 |   0.0 |       0 |       6 |   0.0 |   737
       Ossuary |       0 |      44 |   0.0 |       0 |       9 |   0.0 |    75
               +---------+---------+-------+---------+---------+-------+---------

Vault maps used:
D:1:      dpeg_arrival_windows_large_door
D:3:      kennysheep_the_goblin_king, chequers_ecumenical_altar_simple_redux,
          first_ration, lightli_sewer_entry_pipes
D:4:      minmay_door_path, gup_ossuary_entry_pyramid, serial_shops,
          nicolae_shop_trees
Ossuary:  ossuary_tomb_3

Table legend:
 A = Turns spent in this place as a percentage of turns spent in the entire game.
 B = Non-inter-level travel turns spent in this place as a percentage of non-inter-level travel turns spent in the entire game.
 C = Inter-level travel turns spent in this place as a percentage of turns spent in this place.
 D = Turns resting spent in this place as a percentage of non-inter-level travel turns spent in this place.
 E = Turns spent auto-exploring this place as a percentage of non-inter-level travel turns spent in this place.
 F = Non-inter-level travel turns spent in this place divided by the number of levels of this place that you've seen.
                   A       B       C       D       E      F
               +-------+-------+-------+-------+-------+----------------------
         Total | 100.0 | 100.0 |   2.6 |  38.8 |  39.6 | 998.6
       Dungeon |  98.5 |  98.5 |   2.7 |  39.4 |  40.1 | 1229.5
       Ossuary |   1.5 |   1.5 |   0.0 |   0.0 |   4.0 |  75.0
               +-------+-------+-------+-------+-------+----------------------

Table legend:
 A = Kills in this place as a percentage of kills in entire the game.
 B = Kills by you in this place as a percentage of kills by you in the entire game.
 C = Kills by friends in this place as a percentage of kills by friends in the entire game.
 D = Other kills in this place as a percentage of other kills in the entire game.
 E = Experience gained in this place as a percentage of experience gained in the entire game.
 F = Experience gained in this place divided by the number of levels of this place that you have seen.
                   A       B       C       D       E      F
               +-------+-------+-------+-------+-------+----------------------
         Total | 100.0 | 100.0 |   N/A |   N/A | 100.0 | 143.4
       Dungeon |  91.9 |  91.9 |   N/A |   N/A |  93.9 | 168.2
       Ossuary |   8.1 |   8.1 |   N/A |   N/A |   6.1 |  44.0
               +-------+-------+-------+-------+-------+----------------------
